 Dungeon Crawl Stone Soup version 0.31-a0-538-gbc85326fa9 (webtiles) character file.

Game seed: 7648993467470133323

157 LeprechaunX the Ruffian (level 5, -2/34 HPs)
             Began as an Octopode Shapeshifter on Aug 14, 2023.
             Slain by Menkaure (14 damage)
             ... on level 4 of the Dungeon.
             The game lasted 00:02:33 (2208 turns).

LeprechaunX the Ruffian (Octopode Shapeshifter)     Turns: 2208, Time: 00:02:34

Health: -2/34      AC:  1    Str: 16    XL:     5   Next: 38%
Magic:  14/14      EV: 13    Int: 16    God:
Gold:   239        SH:  0    Dex: 13    Spells: 4/4 levels left

rFire   + .          .
                       - Unarmed
rCold   . . .        (no shield)
rNeg    . . .        (helmet currently unavailable)
rPois   .            (no amulet)
rElec   .            d - ring of magical power
rCorr   .            f - ring of protection from fire
SInv    .            g - +6 ring of intelligence
Will    .....        (no ring)
Stlth   ++           (no ring)
HPRegen 0.25/turn    (no ring)
MPRegen 0.14/turn    (no ring)
                     (no ring)

%: no passive effects
@: beast-form
A: beast (slay +2), almost no armour, amphibious, 8 rings, camouflage 1,
gelatinous body 1, (nimble swimmer 1), tentacles
a: Begin Untransformation


You were on level 4 of the Dungeon.
You were a hulking beast.
You visited 1 branch of the dungeon, and saw 4 of its levels.

You collected 239 gold pieces.

Inventory:

Jewellery
 d - a ring of magical power (left tentacle)
 f - a ring of protection from fire (right tentacle)
 g - a +6 ring of intelligence (on tentacle)
Talismans
 b - a beast talisman (active)
 c - a flux talisman
 m - a serpent talisman
Scrolls
 e - 4 scrolls of amnesia {unknown}
 h - 2 scrolls of teleportation {unknown}
 j - 3 scrolls of revelation {unknown}
 k - a scroll of torment {unknown}
 l - 2 scrolls of identify {unknown}
 p - 2 scrolls of fog {unknown}
 r - a scroll of noise {unknown}
 s - a scroll of vulnerability {unknown}
 u - a scroll of enchant weapon {unknown}
Potions
 a - 3 potions of lignification
 i - a potion of curing {unknown}
 n - 3 potions of haste {unknown}
 o - 2 potions of brilliance {unknown}
 q - a potion of mutation {unknown}
 t - a potion of invisibility {unknown}


   Skills:
 + Level 2.3 Fighting
 + Level 2.9 Dodging
 + Level 4.1 Unarmed Combat
 * Level 3.7 Shapeshifting


You had 4 spell levels left.
You didn't know any spells.
Your spell library contained the following spells:

 Spells                   Type           Power      Damage    Failure   Level
 Freeze                   Ice            0%         1d3       26%         1
 Dazzling Flash           Conj/Hex       0%         N/A       58%         3
 Frozen Ramparts          Ice            0%         1d1       58%         3
 Hailstorm                Conj/Ice       0%         3d3       58%         3
 Agony                    Necr           0%         N/A       100%        5
 Silence                  Hex/Air        0%         N/A       100%        5


Dungeon Overview and Level Annotations

Branches:
Dungeon (4/15)
 Temple: D:4-7

Altars:
Ashenzari

Annotations:
D:4 Menkaure


Innate Abilities, Weirdness & Mutations

You are a hulking beast.
Your limbs bulge with bestial killing power. (Slay +2)
You cannot wear most types of armour.
You are amphibious.
You can wear up to eight rings at the same time.
Your skin changes colour to match your surroundings (Stealth+).
Your rubbery body absorbs attacks. (AC +1, EV +1)
((You are camouflaged when in or above water. (Stealth+)))
You have tentacles for arms and can constrict up to eight enemies at once.


Message History

There is a stone staircase leading down here.
You climb downwards.
Found 19 gold pieces.
Found a stone staircase leading down.
There is a stone staircase leading up here.
You now have 239 gold pieces (gained 19).
A quokka comes into view.
Found a dagger.
A quokka is nearby!
A quokka is nearby!
A quokka is nearby!
The helpless quokka fails to defend itself.
You tentacle-slap the quokka. You grab the quokka. You squeeze the quokka.
You kill the quokka!
No target in view!
No target in view!
No target in view!
No target in view!
No target in view!
No target in view!
No target in view!
No target in view!
No target in view!
Menkaure and a ball python come into view.
There are monsters nearby!
There are monsters nearby!
You start waiting.
Menkaure is nearby!
The ball python hisses angrily.
Menkaure mumbles some strange words.
Menkaure seems to speed up.
You tentacle-slap Menkaure. You grab Menkaure.
Menkaure is lightly damaged.
You constrict Menkaure, but do no damage.
Menkaure hits you!!
Ouch! That really hurt!
You tentacle-slap Menkaure but do no damage.
Menkaure is lightly damaged.
You constrict Menkaure, but do no damage.
Menkaure hits you!
You die...

##.####.########
#.# #.#+#####
######.......#
........)....#
#######......#
#......#
#######.#####
.......h#
######..M......
#.###..... #.
.... #. ..# #.
.# #. # #.


You could see Menkaure (fast).

Vanquished Creatures
  An iguana (D:3)
  Terence (D:2)
  3 adders (D:2)
  A dart slug (D:1)
  5 endoplasms
  6 giant cockroaches
  5 goblins
  7 hobgoblins
  6 jackals
  7 kobolds
  2 quokkas
  10 ball pythons
  3 bats
  6 frilled lizards
  13 rats
76 creatures vanquished.

Notes
Turn   | Place    | Note
-------+----------+-------------------------------------------
     0 | D:1      | LeprechaunX the Octopode Shapeshifter began the quest for
                  | the Orb.
     0 | D:1      | Reached XP level 1. HP: 13/13 MP: 1/1
   292 | D:1      | Reached XP level 2. HP: 18/18 MP: 2/2
   764 | D:1      | Reached XP level 3. HP: 16/23 MP: 3/3
  1053 | D:2      | Noticed Terence
  1059 | D:2      | Killed Terence
  1060 | D:2      | Reached XP level 4. HP: 11/29 MP: 4/4
  1358 | D:2      | Reached skill level 4 in Unarmed Combat
  1691 | D:3      | Reached XP level 5. HP: 25/34 MP: 5/5
  1857 | D:3      | Found a faded altar of an unknown god.
  1919 | D:3      | Found a broken altar of Ashenzari.
  2199 | D:4      | Noticed Menkaure
  2208 | D:4      | Slain by Menkaure

Illustrated notes

Levels and vault maps discovered:
D:1:      dpeg_arrival_ratfight, layout_basic, minmay_tetromino_o4
D:2:      layout_basic, minmay_close_crescents, uniq_terence
D:3:      layout_rooms, nicolae_overflow_crystal_walls,
          shapermc_ecumenical_altar_gd
D:4:      layout_basic, serial_shops, shop, nicolae_book_shop_shelving,
          nicolae_shop_getting_attention, nicolae_shop_stone, uniq_menkaure,
          uniq_edmund, uniq_grinder

Skill      XL: |  1  2  3  4 |
---------------+-------------+-----
Fighting       | 2 |  2.3
Unarmed Combat | 4 |  4.1
Dodging        | |  2.9
Shapeshifting  | |  3.7

Action                     |  1- 3 |  4- 6 || total
---------------------------+-------+-------++-------
  Melee: Unarmed           |    55 |    68 ||   123
         Constrict         |    16 |    16 ||    32
         Tentacles         |     8 |    16 ||    24
         Punch             |     2 |     4 ||     6
   Stab: Sleeping          |    10 |     7 ||    17
 Armour: Skin              |    10 |     1 ||    11
  Dodge: Dodged            |    19 |    38 ||    57

Table legend: (Time is in decaauts)
 A = Elapsed time spent in this place.
 B = Non-inter-level travel time spent in this place.
 C = Inter-level travel time spent in this place.
 D = Time resting spent in this place.
 E = Time spent auto-exploring this place.
 F = Levels seen in this place.
 G = Mean time per level.
                   A        B        C        D        E       F      G
               +--------+--------+--------+--------+--------+-----+--------+
         Total |   2197 |   2138 |     59 |    115 |   1662 |   4 |  549.2 |
       Dungeon |   2197 |   2138 |     59 |    115 |   1662 |   4 |  549.2 |
               +--------+--------+--------+--------+--------+-----+--------+

Top non-repeatable levels by time:
     D:1: 1041 daAuts
     D:2: 631 daAuts
     D:3: 495 daAuts
     D:4: 28 daAuts
